 Dungeon Crawl Stone Soup version 0.30-a0-591-g3c58d2bc28 (webtiles) character file.

Game seed: 4879031475101480677

72 Newt the Trooper (level 4, 0/37 HPs)
             Began as a Demonspawn Gladiator on Jan 4, 2023.
             Slain by a kobold brigand
             ... wielding a +0 whip of freezing
              (2 damage)
             ... in a sewer.
             The game lasted 00:01:49 (1388 turns).

Newt the Trooper (Demonspawn Gladiator)             Turns: 1388, Time: 00:01:50

Health: 0/37       AC:  5    Str: 16    XL:     4   Next: 7%
Magic:  4/4        EV: 12    Int:  9    God:
Gold:   31         SH:  0    Dex: 15    Spells: 3/3 levels left

rFire   . . .      SeeInvis +    j - +1 dagger (drain)
rCold   . . .      Faith    .    (no shield)
rNeg    . . .      Spirit   .    b - +0 leather armour
rPois   .          Reflect  .    h - +2 hat {SInv}
rElec   .          Harm     .    (no cloak)
rCorr   .          Rampage  .    (no gloves)
Will    .....                    (no boots)
Stlth   +                        (no amulet)
HPRegen 0.26/turn                (no ring)
MPRegen 0.09/turn                (no ring)

@: hasted, quick
A: hooves 1, powered by death 1
a: no special abilities


You were in a sewer.
You visited 1 branch of the dungeon, and saw 3 of its levels.
You also visited: Sewer.

You collected 31 gold pieces.

Inventory:

Hand Weapons
 a - a +0 rapier
 j - a +1 dagger of draining (weapon)
Missiles
 e - a javelin (quivered)
 i - 3 boomerangs
Armour
 b - a +0 leather armour (worn)
 c - a +0 helmet
 h - a +2 hat of see invisible (worn)
Potions
 g - a potion of curing {unknown}
 k - a potion of berserk rage {unknown}
 l - a potion of heal wounds {unknown}
 m - a potion of attraction {unknown}


   Skills:
 + Level 3.7 Fighting
 - Level 2.6 Short Blades
 - Level 1.7 Throwing
 - Level 2.6 Dodging
 - Level 2.0 Stealth


You had 3 spell levels left.
You didn't know any spells.
Your spell library was empty.

Dungeon Overview and Level Annotations

Branches:
Dungeon (3/15)              Sewer (1/1)

Altars:


Innate Abilities, Weirdness & Mutations

You have large cloven feet.
You regenerate a little health from kills.


Message History

Aim: a kobold brigand, wielding a +0 whip of freezing and quivering poisoned darts (51% to hit)
You throw a throwing net.
The throwing net barely misses the kobold brigand.
You hear a splash.
You feel sick. The kobold brigand closely misses you.
The kobold hits you but does no damage.
Throw: throwing net
Press: ? - help, Q - select action, (/) - cycle Shift-Dir - straight line, f/p - kobold brigand
Aim: a kobold brigand, wielding a +0 whip of freezing and quivering poisoned darts (51% to hit)
You throw a throwing net.
The throwing net barely misses the kobold brigand.
You hear a splash.
You feel sick.
The kobold brigand hits you with a +0 whip of freezing.
The kobold brigand freezes you.
The kobold splashes around in the water.
Your unstable footing causes you to fumble your attack.
You hit the kobold. Your kick misses the kobold.
The kobold is severely wounded.
You feel sick.
The kobold brigand completely misses you.
The kobold barely misses you.
Your unstable footing causes you to fumble your attack.
You feel sick. The kobold closely misses you.
The kobold brigand hits you with a +0 whip of freezing.
The kobold brigand freezes you.
Your unstable footing causes you to fumble your attack.
You feel sick. The kobold misses you.
The kobold brigand hits you with a +0 whip of freezing.
* * * LOW HITPOINT WARNING * * *
The kobold brigand freezes you.
* * * LOW HITPOINT WARNING * * *
You feel yourself speed up.
You feel sick.
You are no longer poisoned.
The kobold hits you with a +0 short sword.
* * * LOW HITPOINT WARNING * * *
The kobold brigand hits you with a +0 whip of freezing.
* * * LOW HITPOINT WARNING * * *
The kobold brigand freezes you.
You die...

## ######
#. .#.#.#
#~ ~#~#~#
#~ ~#~#~#
#(#~#~#~#
#~KK#~~.#
#@###†##
#~# #~#
#~###.#
#~~.~~#
##~~~##
#.~.# .~
#~~.# ~~#
##.~~#
~..#
##....#


You could see a kobold brigand and a kobold.

Vanquished Creatures
  An orc priest (D:3)
  An adder (Sewer)
  A worm (D:3)
  3 orcs (D:3)
  2 ball pythons
  3 endoplasms
  A giant cockroach (D:2)
  3 goblins (D:1)
  3 hobgoblins (D:1)
  3 quokkas (D:1)
  A bat (D:1)
  A kobold (D:1)
  2 rats
25 creatures vanquished.

Vanquished Creatures (others)
  2 plants (D:3)
2 creatures vanquished.

Grand Total: 27 creatures vanquished

Notes
Turn   | Place    | Note
-------+----------+-------------------------------------------
     0 | D:1      | Newt the Demonspawn Gladiator began the quest for the Orb.
     0 | D:1      | Reached XP level 1. HP: 16/16 MP: 1/1
   137 | D:1      | Reached skill level 1 in Stealth
   435 | D:1      | Gained mutation: You regenerate a little health from kills.
                  | [demonic ancestry]
   435 | D:1      | Reached XP level 2. HP: 21/21 MP: 2/2
   530 | D:1      | Found a faded altar of an unknown god.
  1147 | D:2      | You fall into a shaft and drop 1 floor!
  1187 | D:3      | Reached skill level 3 in Fighting
  1187 | D:3      | Gained mutation: You have large cloven feet. [demonic
                  | ancestry]
  1187 | D:3      | Reached XP level 3. HP: 5/29 MP: 3/3
  1272 | D:3      | Found a glowing drain.
  1324 | Sewer    | Entered a sewer
  1366 | Sewer    | Reached XP level 4. HP: 37/37 MP: 4/4
  1376 | Sewer    | Noticed a kobold brigand
  1388 | Sewer    | Slain by a kobold brigand

Illustrated notes

Levels and vault maps discovered:
D:1:      zelgadis_glass_arrival_small, layout_basic,
          nicolae_ecumenical_lake_church, nicolae_hexahallways
D:2:      layout_loops_ring
D:3:      minmay_angry_zag, layout_loops_ring, minmay_overflow_temple_star_quad,
          gammafunk_temple_overflow_forgotten, jmf_multi_god_temple,
          cheibrodos_sewer_entry_drain
Sewer:    sewer_co_tree

Skill      XL: |  1  2 |
---------------+-------+-----
Stealth        | 1 2 |  2.0
Fighting       | 3 |  3.7
Short Blades   | |  2.6
Throwing       | |  1.7
Dodging        | |  2.6

Action                   |  1- 3 |  4- 6 || total
-------------------------+-------+-------++-------
Melee: Rapier            |    18 |       ||    18
       Dagger            |    82 |     4 ||    86
       Kick              |     7 |       ||     7
Throw: Throwing net      |     2 |     3 ||     5
       Boomerang         |       |     2 ||     2
  Use: Scroll            |     3 |       ||     3
       Potion            |       |     1 ||     1
 Stab: Sleeping          |     4 |       ||     4
       Held in net/web   |     1 |       ||     1
Armor: Leather armour    |    18 |     1 ||    19
Dodge: Dodged            |    39 |     6 ||    45

Table legend: (Time is in decaauts)
 A = Elapsed time spent in this place.
 B = Non-inter-level travel time spent in this place.
 C = Inter-level travel time spent in this place.
 D = Time resting spent in this place.
 E = Time spent auto-exploring this place.
 F = Levels seen in this place.
 G = Mean time per level.
                   A        B        C        D        E       F      G
               +--------+--------+--------+--------+--------+-----+--------+
         Total |   1401 |   1345 |     56 |    174 |    866 |   4 |  350.2 |
       Dungeon |   1327 |   1271 |     56 |    174 |    816 |   3 |  442.3 |
         Sewer |     73 |     73 |      0 |      0 |     50 |   1 |   73.0 |
               +--------+--------+--------+--------+--------+-----+--------+

Top non-repeatable levels by time:
     D:1: 1000 daAuts
     D:3: 177 daAuts
     D:2: 149 daAuts
   Sewer: 73 daAuts
